Map: Mothership LE

Players

Cypem

  • Race: Zerg Zerg
  • League: Grandmaster
  • Spawn Location: 6:00

A.I. 1 (Very Easy) - Winner!

  • Race: Protoss Protoss
  • Spawn Location: 1:00

VOD

https://www.patreon.com/c/zergsgroundzero/posts

Description

Time

  • Played on: Feb. 7, 2026, 9:22 a.m.
  • Length: 7:57
Show
View Real Time Build Order
Export as new Build Order

Cypem Zerg 

Build Orders: Hatch First 

Get SALT Encoding   

  12  0:00  Drone  
  13  0:08  Drone  
  14  0:14  Extractor, Drone  
  15  0:21  Overlord  
  15  0:40  Drone  
  16  0:45  Hatchery  
  15  0:50  Drone  
  15  0:53  Drone  
  15  0:56  Drone  
  18  1:06  Extractor  
  17  1:12  Spawning Pool  
  17  1:15  Drone  
  17  1:19  Drone  
  18  1:26  Drone  
  19  1:37  Drone  
  20  1:47  Drone  
  21  1:59  Queen x2, Overlord  
  25  2:03  Zergling x2  
  26  2:09  Drone x2  
  26  2:12  Metabolic Boost  
  28  2:19  Drone  
  28  2:20  Drone  
  30  2:29  Drone  
  31  2:30  Drone  
  31  2:34  Queen  
  34  2:44  Hatchery  
  34  2:48  Overlord  
  33  2:52  Drone  
  33  2:53  Drone  
  33  2:57  Overlord  
  35  3:01  Drone  
  36  3:08  Drone x3  
  36  3:09  Drone  
  36  3:10  Drone  
  36  3:11  Drone  
  42  3:14  Drone  
  42  3:19  Queen  
  45  3:23  Spore Crawler  
  45  3:25  Drone  
  45  3:26  Drone  
  46  3:31  Queen  
  48  3:36  Spore Crawler  
  47  3:41  Overlord  
  47  3:43  Zergling x6  
  47  3:46  Zergling x2  
  47  3:47  Zergling x2  
  52  3:50  Overlord  
  52  4:00  Drone x6  
  58  4:10  Drone x3  
  58  4:11  Drone x3  
  58  4:16  Spore Crawler, Drone  
  64  4:19  Drone  
  64  4:20  Drone  
  64  4:22  Drone  
  67  4:25  Lair  
  67  4:31  Roach Warren  
  65  4:35  Drone x3  
  65  4:36  Drone  
  65  4:37  Drone  
  65  4:38  Extractor x2  
  69  4:41  Drone x2  
  69  4:42  Drone x2  
  72  4:46  Overlord  
  72  4:48  Drone  
  73  4:56  Evolution Chamber, Overlord  
  72  5:01  Hatchery  
  72  5:05  Overlord  
  71  5:07  Drone x3  
  71  5:08  Drone x3, Extractor  
  71  5:10  Drone  
  71  5:13  Overlord  
  77  5:15  Drone x3  
  77  5:16  Drone  
  77  5:18  Drone x2  
  77  5:20  Drone  
  84  5:23  Drone  
  84  5:27  Overlord, Extractor  
  84  5:28  Extractor  
  83  5:29  Glial Reconstitution  
  83  5:30  Zerg Missile Weapons Level 1  
  83  5:31  Overlord  
  83  5:34  Roach  
  83  5:35  Roach  
  87  5:36  Roach  
  87  5:42  Hydralisk Den  
  88  5:46  Roach x4  
  96  5:51  Overlord, Roach  
  96  5:52  Roach  
  96  5:56  Roach x2  
  104  6:02  Roach x4  
  104  6:03  Roach  
  114  6:05  Overlord  
  114  6:08  Overlord  
  114  6:14  Grooved Spines  
  114  6:16  Overlord x2  
  114  6:22  Overlord  
  114  6:23  Roach x3  
  120  6:28  Roach  
  120  6:29  Roach x2  
  126  6:37  Roach x5  
  136  6:45  Hydralisk  
  136  6:46  Hydralisk x3  
  144  6:49  Hydralisk x2  
  144  6:53  Hydralisk x2  
  152  6:59  Hydralisk x2  
  156  7:01  Ravager  
  156  7:05  Hydralisk x2  
  156  7:08  Overlord x2  
  161  7:09  Overlord  
  161  7:14  Overlord  
  161  7:16  Hydralisk x2  
  161  7:18  Roach  
  161  7:22  Roach x2  
  171  7:23  Ravager  
  171  7:25  Roach x2  
  175  7:38  Roach  
Show
View Real Time Build Order
Export as new Build Order

A.I. 1 (Very Easy) Protoss - Winner!

Build Orders:  

Get SALT Encoding   

  12  0:00  Probe  
  13  0:13  Probe  
  14  0:20  Pylon  
  14  0:36  Assimilator  
  14  0:42  Gateway  
  14  0:45  Pylon  
  14  1:13  Assimilator  
  14  1:15  Probe  
  14  1:24  Probe  
  15  1:32  Probe, Cybernetics Core  
  17  1:42  Probe  
  18  1:54  Probe  
  18  1:58  Warp Gate  
  19  2:02  Probe  
  19  2:06  Stalker  
  22  4:52  Probe  
  22  5:40  Zealot  
  22  5:42  Probe, Pylon  
  25  5:44  Robotics Facility  
  25  5:54  Probe  
  26  6:06  Probe  
  27  6:15  Probe  
  26  6:23  Pylon, Probe  
  25  6:31  Zealot  
  25  6:32  Observer, Probe  
  30  6:44  Probe  
  31  6:50  Observer  
  31  7:09  Nexus  
  31  7:23  Stalker  
  33  7:36  Probe  
Tags
 
Add a new tag
Caveats
  • Supply blocks, unpowered buildings, or Contaminate may cause inaccurate times.
  • Supply counts are checked every 10 seconds.